 Dungeon Sprint DCSS version 0.31.0-9-g3a7656b989 (webtiles) character file.

Game seed: 16271580734640303912

430 Heoruswealwe the Spear-Bearer (level 6, -5/64 HPs)
             Began as a Minotaur Fighter on Feb 5, 2024.
             Was an Initiate of Gozag.
             Slain by an orc warrior
             ... wielding a +0 battleaxe
              (10 damage)
             ... in the Dungeon (Sprint IX: "|||||||||||||||||||||||||||||").
             The game lasted 00:00:59 (136 turns).

Heoruswealwe the Spear-Bearer (Minotaur Fighter)     Turns: 136, Time: 00:01:00

Health: -5/64      AC:  8    Str: 22    XL:     6   Next: 66%
Magic:  5/5        EV:  9    Int:  5    God:    Gozag
Gold:   0          SH:  4    Dex: 10    Spells: 5/5 levels left

rFire   . . .        a - +0 trident
rCold   . . .        d - +0 buckler
rNeg    . . .        c - +0 scale mail
rPois   .            (helmet restricted)
rElec   .            (no cloak)
rCorr   .            (no gloves)
SInv    .            (no boots)
Will    .....        (no amulet) Stlth
                     (no ring)
HPRegen 0.30/turn    (no ring)
MPRegen 0.09/turn

%: no teleportation
@: no status effects
A: horns 2, retaliatory headbutt
a: Renounce Religion, Potion Petition, Call Merchant, Bribe Branch


You were in the Dungeon.
You worshipped Gozag.
Gozag was noncommittal.
You visited 1 branch

Inventory:

Hand Weapons
 a - a +0 trident (weapon)
Armour
 c - a +0 scale mail (worn)
 d - a +0 buckler (worn)
Jewellery
 k - a +2 ring of protection
 l - a +2 ring of evasion
Wands
 h - a wand of acid (10)
Scrolls
 j - 2 scrolls of blinking
Potions
 b - a potion of might
 e - 5 potions of curing
 f - 2 potions of heal wounds
 g - a potion of haste
 i - a potion of berserk rage


   Skills:
 + Level 9.4 Fighting
 * Level 12.3 Polearms
 + Level 9.4 Armour
 - Level 3.6 Shields


You had 5 spell levels left.
You didn't know any spells.
Your spell library was empty.

Dungeon Overview and Level Annotations

Branches:
Dungeon (1/1)

Altars:
Cheibriados
Dithmenos
Elyvilon
Fedhas
Gozag
Hepliaklqana
Kikubaaqudgha
Makhleb
Nemelex Xobeh
Okawaru
Qazlal
Ru
Sif Muna
Trog
Uskayaw
Vehumet
Wu Jian
Xom
Yredelemnul
Zin
The Shining One
Jiyva
Lugonu


Innate Abilities, Weirdness & Mutations

You have a pair of horns on your head.
You reflexively headbutt those who attack you in melee.


Message History

Things that are here:
126 gold pieces; a +0 whip; a +0 robe The gnoll sergeant shouts!
You puncture the orc warrior!
The orc warrior is no longer distracted by gold.
The orc warrior is moderately wounded.
You closely miss the orc warrior.
The orc warrior is moderately wounded.
You block the orc warrior's attack.
You hit the orc warrior but do no damage.
You headbutt the orc warrior.
The orc warrior is heavily wounded.
The gnoll sergeant is no longer distracted by gold.
The gnoll sergeant is distracted by your dazzling golden aura.
The orc warrior barely misses you.
The gnoll sergeant shouts!
You hit the orc warrior but do no damage.
The orc warrior is heavily wounded.
You completely miss the orc warrior. Your headbutt misses the orc warrior.
The orc warrior is heavily wounded.
The gnoll sergeant is no longer distracted by gold.
The orc warrior hits you with a +0 battleaxe!
* * * LOW HITPOINT WARNING * * *
You barely miss the orc warrior.
The orc warrior is heavily wounded.
You block the gnoll sergeant's attack. The orc warrior barely misses you.
You closely miss the orc warrior.
You headbutt the orc warrior, but do no damage.
The orc warrior is heavily wounded.
The gnoll sergeant hits you from afar with a +0 trident!
* * * LOW HITPOINT WARNING * * *
The orc warrior closely misses you.
You hit the orc warrior.
The orc warrior is severely wounded.
The gnoll sergeant barely misses you.
You hit the orc warrior. Your headbutt misses the orc warrior.
The orc warrior is severely wounded.
The orc warrior hits you with a +0 battleaxe!
You die...
Your body crumbles into a pile of gold.

▓.▓
▓[▓
▓[▓
▓[▓
▓.▓
▓.▓
▓'▓
▓$▓
▓@▓
▓o▓
▓g▓
▓9▓
▓.▓
▓+▓


You could see an orc warrior, a gargoyle and a gnoll sergeant.

Vanquished Creatures
  A vampire mosquito (D)
  An ice beast (D)
  A centaur (D)
  A phantom (D)
  A gnoll bouda (D)
  2 adders (D)
  A white imp (D)
  An endoplasm (D)
  A hobgoblin (D)
  A quokka (D)
  A frilled lizard (D)
  A rat (D)
13 creatures vanquished.

Notes
Turn   | Place    | Note
-------+----------+-------------------------------------------
     0 | D        | Heoruswealwe the Minotaur Fighter began the quest for the
                  | Orb.
     0 | D        | Reached XP level 1. HP: 19/19 MP: 0/0
     6 | D        | Reached skill level 3 in Polearms
    19 | D        | Noticed an ice beast
    19 | D        | Noticed a phantom
    28 | D        | Reached skill level 4 in Polearms
    28 | D        | Reached XP level 2. HP: 10/28 MP: 1/1
    34 | D        | Reached skill level 5 in Polearms
    40 | D        | Killed an ice beast
    41 | D        | Reached skill level 8 in Polearms
    41 | D        | Reached XP level 3. HP: 28/38 MP: 2/2
    41 | D        | Reached XP level 4. HP: 34/45 MP: 3/3
    52 | D        | Killed a phantom
    53 | D        | Reached skill level 9 in Polearms
    53 | D        | Reached XP level 5. HP: 32/53 MP: 4/4
    56 | D        | Reached skill level 10 in Polearms
    62 | D        | Found a snail-covered altar of Cheibriados.
    62 | D        | Found a shadowy altar of Dithmenos.
    62 | D        | Found a white marble altar of Elyvilon.
    62 | D        | Found a blossoming altar of Fedhas.
    62 | D        | Found an opulent altar of Gozag.
    63 | D        | Found a hazy altar of Hepliaklqana.
    64 | D        | Found a viscous altar of Jiyva.
    65 | D        | Found an ancient bone altar of Kikubaaqudgha.
    66 | D        | Found a corrupted altar of Lugonu.
    67 | D        | Found a burning altar of Makhleb.
    68 | D        | Found a sparkling altar of Nemelex Xobeh.
    69 | D        | Found an iron altar of Okawaru.
    70 | D        | Found a stormy altar of Qazlal.
    72 | D        | Became a worshipper of Gozag Ym Sagoz the Greedy
    74 | D        | Found a sacrificial altar of Ru.
    75 | D        | Found a shimmering blue altar of Sif Muna.
    76 | D        | Found a bloodstained altar of Trog.
    77 | D        | Found a hide-covered altar of Uskayaw.
    78 | D        | Found a radiant altar of Vehumet.
    79 | D        | Found an ornate altar of the Wu Jian Council.
    80 | D        | Found a shimmering altar of Xom.
    81 | D        | Found a basalt altar of Yredelemnul.
    82 | D        | Found a glowing silver altar of Zin.
    83 | D        | Found a glowing golden altar of the Shining One.
   108 | D        | Noticed a centaur
   108 | D        | Noticed a vampire mosquito
   108 | D        | Noticed an orc warrior
   108 | D        | Noticed a gargoyle
   113 | D        | Killed a centaur
   114 | D        | Reached XP level 6. HP: 52/62 MP: 5/5
   120 | D        | Reached skill level 11 in Polearms
   126 | D        | Killed a vampire mosquito
   127 | D        | Reached skill level 12 in Polearms
   136 | D        | Slain by an orc warrior

Illustrated notes

Levels and vault maps discovered:
D:        linesprint [early_d, line_temple, items_1, d_10, items_2, lair_1,
          lair_end, items_3, orc_1, orc_end, items_4, d_15, swamp_1, shoals_1,
          snake_1, spider_1, d_20, vaults_1, items_5, swamp_end, shoals_end,
          snake_end, spider_end, vaults_end, d_27, items_6, zot_1, zot_end,
          crypt_end, forest_end, elf_end, slime_end, tomb_end, abyss_end,
          pan_hell_end]

Skill      XL: |  1  2  3  4  5  6 |
---------------+-------------------+-----
Polearms       | 4 8 9 10 12 | 12.3
Fighting       | 4 6 7 8 9 |  9.4
Armour         | 4 6 7 8 9 |  9.4
Shields        | |  3.6

Action                     |  1- 3 |  4- 6 || total
---------------------------+-------+-------++-------
  Melee: Trident           |    29 |    40 ||    69
         Headbutt          |     4 |    10 ||    14
    Use: Potion            |     1 |       ||     1
 Armour: Scale mail        |    19 |    26 ||    45
  Dodge: Dodged            |     6 |    16 ||    22
  Block: Buckler           |     6 |     5 ||    11
